 Dungeon Crawl Stone Soup version 0.27.1-33-g824d729ab1 (webtiles) character file.

Game seed: 5027306339328158886

325 ANNNA the Magician (level 6, -6/32 HPs)
             Began as a Deep Elf Fire Elementalist on Nov 26, 2021.
             Mangled by a gnoll (10 damage)
             ... on level 3 of the Dungeon.
             The game lasted 00:06:58 (3267 turns).

ANNNA the Magician (Deep Elf Fire Elementalist)     Turns: 3267, Time: 00:06:59

Health: -6/32      AC:  4    Str:  7    XL:     6   Next: 24%
Magic:  13/16      EV: 13    Int: 20    God:
Gold:   102        SH:  0    Dex: 15    Spells: 0/16 levels left

rFire    . . .     SeeInvis .   g - +0 dagger
rCold    . . .     Faith    .   (no shield)
rNeg     . . .     Spirit   .   a - +0 robe
rPois    .         Reflect  .   (no helmet)
rElec    .         Harm     .   k - +0 cloak
rCorr    .         Rampage  .   (no gloves)
Will     .....                  n - +0 pair of boots
Stlth    ++........             (no amulet)
HPRegen  0.10/turn              (no ring)
MPRegen  0.15/turn              (no ring)

@: no status effects
A: no striking features
a: no special abilities


You were on level 3 of the Dungeon.
You visited 1 branch of the dungeon, and saw 4 of its levels.

You collected 102 gold pieces.

Inventory:

Hand Weapons
 g - a +0 dagger (weapon)
Missiles
 j - 111 stones
Armour
 a - a +0 robe (worn)
 k - a +0 cloak (worn)
 n - a +0 pair of boots (worn)
Wands
 t - a wand of digging (5)
Scrolls
 c - a scroll of holy word {unknown}
 d - 2 scrolls of noise {unknown}
 e - a scroll of immolation {unknown}
 h - 2 scrolls of fear {unknown}
 l - a scroll of enchant armour {unknown}
 o - a scroll of identify {unknown}
 q - a scroll of silence {unknown}
 r - 2 scrolls of enchant weapon {unknown}
 s - a scroll of teleportation {unknown}
Potions
 b - 4 potions of curing {unknown}
 f - a potion of brilliance {unknown}
 i - 3 potions of resistance {unknown}
 m - a potion of attraction {unknown}
 p - a potion of might {unknown}


   Skills:
 + Level 0.3 Fighting
 + Level 0.5 Short Blades
 + Level 3.0 Dodging
 + Level 3.3 Stealth
 + Level 5.8 Spellcasting
 + Level 2.8 Conjurations
 + Level 0.1 Hexes
 + Level 5.0 Fire Magic


You couldn't memorise any spells.
You knew the following spells:

 Your Spells              Type           Power      Damage    Failure   Level
a - Foxfire               Conj/Fire      84%        2x1d8     2%          1
b - Conjure Flame         Conj/Fire      21%        6-21      6%          3
c - Inner Flame           Hex/Fire       16%        N/A       11%         3
d - Sticky Flame          Conj/Fire      21%        2d4       22%         4
e - Fireball              Conj/Fire      10%        3d6       52%         5

Your spell library contained the following spells:

 Spells                   Type           Power      Damage    Failure   Level


Dungeon Overview and Level Annotations

Branches:
Dungeon (4/15)             Temple (0/1) D:4

Altars:


Message History

Found a staircase to the Ecumenical Temple and a stone staircase leading down.
There is a stone staircase leading up here.
The gnoll hits you from afar with a +0 spear!
The gnoll misses you.
You climb upwards.
There is a stone staircase leading down here.
Casting: Foxfire (safe; 2% risk of failure)
Confirm with . or Enter, or press ? or * to list all spells.
You conjure some foxfire!
The gnoll hits you with a +0 flail.
The foxfire hits the gnoll.
The gnoll is lightly wounded.
The foxfire hits the gnoll!
The gnoll is severely wounded.
Casting: Foxfire (safe; 2% risk of failure)
Confirm with . or Enter, or press ? or * to list all spells.
You conjure some foxfire!
The gnoll misses you.
The foxfire hits the gnoll but does no damage.
The gnoll is severely wounded.
The gnoll closely misses you.
Casting: Foxfire (safe; 2% risk of failure)
Confirm with . or Enter, or press ? or * to list all spells.
You conjure some foxfire!
The gnoll hits you with a +0 flail!
You hit the gnoll but do no damage.
The gnoll is severely wounded.
The foxfire hits the gnoll.
The gnoll is severely wounded.
The gnoll hits you but does no damage.
Casting: Foxfire (safe; 2% risk of failure)
Confirm with . or Enter, or press ? or * to list all spells.
You conjure some foxfire!
The gnoll hits you with a +0 flail!
* * * LOW HITPOINT WARNING * * *
You hit the gnoll but do no damage.
The gnoll is severely wounded.
The foxfire hits the gnoll.
The gnoll is almost dead.
The gnoll closely misses you.
Casting: Foxfire (safe; 2% risk of failure)
Confirm with . or Enter, or press ? or * to list all spells.
You conjure some foxfire!
The gnoll hits you with a +0 flail!
You die...

.....# ###.#.#.[..#
.....# #.#.#.########
.....#####.#.#........#
.................>###.#
######.###.#.###.## #.#
#.......#...#.# #.# #
#.#.#######.#.# #.# #
#.#.# #.....#g# #.# ##
#.#.# #.#...v@# #.# .#
#.#.# #.#.########.# .#
#.#.###.#<.........#
.###.......#...########
..####.#####...#...#
..## #.........#.#.#
...# #.######......#
.#.# #.# #.##.###
.#.###.# #.....#


You could see a gnoll (ally target).

Vanquished Creatures
  Sigmund (D:2)
  Natasha (thrice) (D:2)
  A gnoll (D:1)
  2 adders (D:2)
  A dart slug (D:1)
  13 endoplasms
  4 giant cockroaches
  8 goblins
  2 hobgoblins (D:1)
  6 kobolds
  A quokka (D:2)
  10 ball pythons
  5 bats
  3 frilled lizards
  4 rats
64 creatures vanquished.

Vanquished Creatures (others)
  172 foxfires
172 creatures vanquished.

Grand Total: 236 creatures vanquished

Notes
Turn   | Place    | Note
-------+----------+-------------------------------------------
     0 | D:1      | ANNNA the Deep Elf Fire Elementalist began the quest for
                  | the Orb.
     0 | D:1      | Reached XP level 1. HP: 10/10 MP: 6/6
   128 | D:1      | Reached XP level 2. HP: 15/15 MP: 6/8
   612 | D:1      | Reached XP level 3. HP: 19/19 MP: 8/10
   616 | D:1      | Learned a level 3 spell: Conjure Flame
   620 | D:1      | Learned a level 3 spell: Inner Flame
  1111 | D:2      | Noticed Sigmund
  1116 | D:2      | Killed Sigmund
  1117 | D:2      | Reached skill level 5 in Spellcasting
  1117 | D:2      | Reached XP level 4. HP: 24/24 MP: 5/13
  1117 | D:2      | Reached XP level 5. HP: 28/28 MP: 5/14
  1122 | D:2      | Learned a level 4 spell: Sticky Flame
  1437 | D:2      | Noticed Natasha
  1450 | D:2      | Killed Natasha
  1736 | D:2      | Reached skill level 5 in Fire Magic
  1970 | D:2      | Noticed Natasha
  1978 | D:2      | Killed Natasha
  1979 | D:2      | Reached XP level 6. HP: 26/32 MP: 11/16
  2221 | D:2      | Noticed Natasha
  2224 | D:2      | Killed Natasha
  2362 | D:2      | Learned a level 5 spell: Fireball
  2913 | D:3      | Found a faded altar of an unknown god.
  3252 | D:4      | Found a staircase to the Ecumenical Temple.
  3267 | D:3      | Mangled by a gnoll

Illustrated notes

Levels and vault maps discovered:
D:1:      psy_arrival_terrarium, layout_rooms, serial_glass, glass_columns_a,
          glass_columns_b
D:2:      layout_loops_corners, dk_noncrumbling_4, uniq_sigmund, uniq_natasha
D:3:      layout_basic, shapermc_ecumenical_altar_pompeii
D:4:      layout_rooms, marbit_many_paths, minmay_temple_entry_purple_smoke,
          ebering_ghost_sewer_f, uniq_menkaure, uniq_edmund

Skill      XL: |  1  2  3  4  5  6 |
---------------+-------------------+-----
Fire Magic     | 4 5 |  5.0
Stealth        | 3 |  3.3
Spellcasting   | 5 |  5.8
Conjurations   | 2 |  2.8
Dodging        | 3 |  3.0
Fighting       | |  0.3
Short Blades   | |  0.5
Hexes          | |  0.1

Action                   |  1- 3 |  4- 6 || total
-------------------------+-------+-------++-------
Melee: Unarmed           |     1 |       ||     1
       Dagger            |     3 |    17 ||    20
 Cast: Foxfire           |    52 |    49 ||   101
       Inner Flame       |     1 |       ||     1
 Stab: Sleeping          |     1 |     1 ||     2
Armor: Robe              |       |     9 ||     9
Dodge: Dodged            |    15 |    31 ||    46
